[Event "*** Titled Tuesday Blitz"]
[Site "Chess.com"]
[Date "2021.02.02"]
[Round "10"]
[White "HouseOfDurin"]
[Black "jorquerino"]
[Result "0-1"]
[WhiteElo "2099"]
[BlackElo "2265"]
[TimeControl "180+1"]
[EndTime "11:56:56 PST"]
[Termination "jorquerino won by checkmate"]

1. d4 Nf6 2. Bg5 g6 3. Bxf6 exf6 4. c4 Bg7 5. Nc3 O-O 6. g3 f5 7. e3 d6 8. Bg2 Nd7 9. Nge2 Nf6 10. O-O Re8 11.
Qd3 Rb8 12. b4 h5 13. h4 Ng4 14. b5 g5 15. hxg5 Qxg5 16. Nd5 Qd8 17. Rab1 h4 18. Rfe1 hxg3 19. Nxg3 Nh6 20. Bf3 Be6 21. Kg2 c6 22. bxc6 bxc6 23. Nb4 Rxb4 24. Rxb4 Qg5 25. Rh1 f4 26.
Rh5 Qe7 27. exf4 d5 28. c5 Bg4 29. Rb1 Bxh5 30. Nxh5 Qe6 31. Nxg7 Kxg7 32. Rg1 Kf6 33. Kf1 Qf5 34. Qxf5+ Nxf5 35. Rg5 Nxd4 36. Bxd5 cxd5 37. Rxd5 Nc2 38. Rd6+ Kf5 39. Ra6 Kxf4 40. Rxa7 Nd4 41. Rxf7+ Ke4 42. Ra7 Kd3 43. Ra5 Nc2 44. Kg2 Nd4 45.
Ra6 Rg8+ 46. Kh3 Nf3 47. c6 Ke2 48. c7 Kxf2 49. Rc6 Rg3# 0-1

[Event "*** Titled Tuesday Blitz"]
[Site "Chess.com"]
[Date "2021.02.02"]
[Round "10"]
[White "floplover"]
[Black "Blitzking642"]
[Result "1-0"]
[WhiteElo "2339"]
[BlackElo "2444"]
[TimeControl "180+1"]
[EndTime "11:56:58 PST"]
[Termination "floplover won by resignation"]

1. d4 Nf6 2. c4 c5 3. d5 b5 4. cxb5 a6 5. bxa6 g6 6. Nc3 Bxa6 7. e4 Bxf1 8. Kxf1 d6 9. g3 Bg7 10. Kg2 O-O 11. Nf3 Qb6 12. Re1 Na6 13. a4 Nc7 14. Ra3 Rfb8 15. b3 Qa6 16. Nd2 Nd7 17. Qc2 Ne5 18.
f4 Nd3 19. Re3 Nxc1 20. Qxc1 Rb4 21. Nc4 Rab8 22. Qc2 e6 23. dxe6 Nxe6 24. Nd5 Nd4 25. Qd1 R4b7 26. h4 Nxb3 27. Nxd6 Qxd6 28. Raxb3 Bd4 29.
Rxb7 Rxb7 30. Rb3 Qb8 31. Rxb7 Qxb7 32. Qc2 Qa6 33. e5 Qc6 34. Qe4 Qxa4 35. Nf6+ Kg7 36.
h5 Qa2+ 37. Kh3 Qe6+ 38. Kg2 Qa2+ 39. Kh3 Qe6+ 40. Kh4 Qc8 41. Qd5 Qe6 42. Qd8 g5+ 43.
Kxg5 h6+ 44. Kh4 Qxf6+ 45. exf6+ Bxf6+ 46. Qxf6+ Kxf6 47. Kg4 c4 48. Kf3 Kf5 49. g4+ Kf6 50. Ke3 Ke6 51. Kd4 f5 52. g5 hxg5 53. fxg5 f4 54.
Kxc4 f3 55. Kd3 f2 56. Ke2 Kf5 57. h6 Kxg5 58. h7 Kg6 59. h8=Q Kg5 1-0

[Event "*** Titled Tuesday Blitz"]
[Site "Chess.com"]
[Date "2021.02.02"]
[Round "10"]
[White "JiiHart"]
[Black "MaxLeto"]
[Result "0-1"]
[WhiteElo "2103"]
[BlackElo "2297"]
[TimeControl "180+1"]
[EndTime "11:56:58 PST"]
[Termination "MaxLeto won on time"]

1. e4 c5 2. Nf3 d6 3. d4 cxd4 4. Nxd4 Nf6 5. Nc3 a6 6. Bg5 Nbd7 7. f4 Qc7 8. Qf3 h6 9. Bh4 g5 10. fxg5 hxg5 11. Bxg5 Qc5 12. Be3 Ne5 13. Qe2 Neg4 14. Nf5 Nxe3 15. Qxe3 e6 16. Qxc5 dxc5 17. Ne3 b5 18. e5 Nd7 19. Ng4 Bg7 20. Ne4 Nxe5 21. Nxe5 Bxe5 22. O-O-O c4 23. Nd6+ Ke7 24. Nxc8+ Raxc8 25.
h4 Rcg8 26. h5 Rg5 27. h6 Rg6 28. h7 Rg7 29. Be2 Rhxh7 30. Rxh7 Rxh7 31. Bf3 Rg7 32. Bb7 a5 33. Bc6 b4 34. Rd7+ Kf6 35. a3 Rh7 36.
Kd1 Bxb2 37. axb4 axb4 38. Rb7 Bc3 39. Ke2 Ke5 40. Be8 Rh2 41. Kf3 f5 42. Rb5+ Kd4 43.
Rb8 Rh1 44. Rd8+ Ke5 45. Bb5 Rf1+ 46. Ke2 Re1+ 47. Kf2 Re4 48. Rc8 Bd4+ 0-1

[Event "*** Titled Tuesday Blitz"]
[Site "Chess.com"]
[Date "2021.02.02"]
[Round "10"]
[White "azikom"]
[Black "CrushingKings"]
[Result "1-0"]
[WhiteElo "2668"]
[BlackElo "2381"]
[TimeControl "180+1"]
[EndTime "11:56:59 PST"]
[Termination "azikom won on time"]

1. d4 Nf6 2. Nf3 b6 3. c4 e6 4. Nc3 Bb4 5. Qc2 Bb7 6. a3 Bxc3+ 7. Qxc3 O-O 8. g3 d6 9. Bg2 Nbd7 10. O-O Qe7 11. b4 c5 12. Bb2 Rac8 13. Qb3 d5 14. bxc5 dxc4 15. Qxc4 bxc5 16. dxc5 Rxc5 17. Qb4 Rb8 18.
Qd2 Be4 19. Bd4 Rd5 20. Qe3 Ra8 21. Rfc1 a5 22. h4 h6 23. Rc7 Rd8 24. Rac1 e5 25. Ba7 Bxf3 26. Bxf3 e4 27. Bg2 Qd6 28. Rc8 Rd1+ 29.
Bf1 Rxc8 30. Rxc8+ Kh7 31. Rc1 Rxc1 32. Qxc1 Ng4 33. Qc4 Ndf6 34. Bd4 e3 35. f4 Qd7 36.
Bg2 Qf5 37. Bxf6 Nxf6 38. Bf3 Qb1+ 39. Kg2 Kg8 40. Qc8+ Kh7 41. Qc3 Kg8 42. Qxe3 Qb2 43. Qe5 Qxa3 44. Qd4 1-0

[Event "*** Titled Tuesday Blitz"]
[Site "Chess.com"]
[Date "2021.02.02"]
[Round "10"]
[White "anon132639"]
[Black "LawrenceTrent"]
[Result "1-0"]
[WhiteElo "2798"]
[BlackElo "2580"]
[TimeControl "180+1"]
[EndTime "11:56:59 PST"]
[Termination "anon132639 won by resignation"]

1. Nf3 f5 2. e4 fxe4 3. Ng5 Nf6 4. d3 e5 5. dxe4 c6 6. Nc3 Bb4 7. Bd2 O-O 8. Bc4+ d5 9. exd5 Bxc3 10. dxc6+ Kh8 11.
Bxc3 Qc7 12. O-O Nxc6 13. f4 Bg4 14. Qd2 Rad8 15. Qf2 h6 16. Qh4 exf4 17. Bxf6 Rxf6 18. Nf7+ Rxf7 19. Bxf7 Ne5 20. Rxf4 Rd2 21. Raf1 Qb6+ 22. Kh1 g5 23. Qe1 Re2 24. Qb4 Qxb4 25. Rxb4 b6 26. Bb3 Bd7 27. Bd5 Rxc2 28. Re4 Bb5 29. Rf8+ Kg7 30. Rg8+ Kh7 31. h3 Bc6 32. Rd8 Bxd5 33. Rxd5 Nf7 34. Rd7 Kg6 35. Re6+ Kf5 36. Re1 Ne5 37.
Rf1+ Ke6 38. Rd8 Rxb2 39. Re8+ Kd6 40. Rd1+ Kc5 41. Rxe5+ Kb4 42. a4 Kxa4 43. Ra1+ Kb4 44. Rxa7 b5 45. Rb7 Ka4 46. Re6 b4 47. Rxh6 Rb1+ 48.
Kh2 Rd1 49. Rhb6 Rd4 50. Rxb4+ Rxb4 51. Rxb4+ Kxb4 52. Kg3 Kc5 53. Kg4 Kd6 54. Kxg5 Ke7 55.
Kg6 Kf8 56. Kh7 Kf7 57. g4 Kf8 1-0

[Event "*** Titled Tuesday Blitz"]
[Site "Chess.com"]
[Date "2021.02.02"]
[Round "10"]
[White "Ajedrez_con_German"]
[Black "muchojogo"]
[Result "0-1"]
[WhiteElo "2596"]
[BlackElo "2491"]
[TimeControl "180+1"]
[EndTime "11:56:59 PST"]
[Termination "muchojogo won on time"]

1. d4 Nf6 2. Nf3 e6 3. c4 d5 4. Nc3 c5 5. e3 cxd4 6. Nxd4 dxc4 7. Bxc4 a6 8. O-O b6 9. b3 b5 10. Be2 Bb7 11. Bb2 Be7 12. Bf3 Qb6 13. Rc1 O-O 14.
a4 b4 15. a5 Qa7 16. Na4 Bxf3 17. Qxf3 Bd8 18. Nc2 Nbd7 19. Nxb4 Qb8 20. Bc3 Bxa5 21. Nc6 Qxb3 22. Bxf6 Nxf6 23. Nc5 Qb5 24. Nxa5 Qxa5 25.
Ne4 Nxe4 26. Qxe4 Rac8 27. Ra1 Qb5 28. h3 Rc4 29. Qd3 Rfc8 30. Qa3 h6 31. Qxa6 Qxa6 32. Rxa6 Rc2 33. Ra7 Rb2 34. Ra4 Rcc2 35. Rf4 e5 36.
Rf5 f6 37. g3 Kf7 38. h4 Ke6 39. Rf3 g5 40. hxg5 hxg5 41. e4 Re2 42. Rc1 Rb6 43. Rc4 Rd6 44. Kg2 Kf7 45. Rfc3 Rdd2 46.
Rf3 g4 47. Rf5 Rd6 48. Rc7+ Kg6 49. Rc8 Rxe4 0-1

[Event "*** Titled Tuesday Blitz"]
[Site "Chess.com"]
[Date "2021.02.02"]
[Round "10"]
[White "Grammnik"]
[Black "TST2014"]
[Result "0-1"]
[WhiteElo "2396"]
[BlackElo "2555"]
[TimeControl "180+1"]
[EndTime "11:56:59 PST"]
[Termination "TST2014 won by resignation"]

1. d4 Nf6 2. Nf3 g6 3. c4 Bg7 4. Nc3 O-O 5. e4 d6 6. Be2 e5 7.
O-O Nc6 8. d5 Ne7 9. Nd2 c5 10.
a3 Ne8 11. b4 b6 12. Nb3 f5 13. f3 f4 14. Bd2 h5 15. Be1 g5 16. Bf2 Rf6 17. bxc5 bxc5 18. Rb1 Rg6 19. g4 fxg3 20. hxg3 g4 21. fxg4 hxg4 22. Be3 Nf6 23. Qd2 Bd7 24. Kg2 Kf7 25. Bd3 Qc7 26. Nxc5 dxc5 27. d6 Qxd6 28. Nd5 Nc6 29. Rb7 Rb8 30. Rxb8 Nxb8 31. Qa5 Nc6 32. Qa6 Ke6 33. Qb7 Bh6 34. Bxh6 Rxh6 35. Qa8 Qb8 36. Qxb8 Nxb8 37. Rb1 Nc6 38. Rb7 Kd6 39. a4 Bc8 40.
Rf7 Nxd5 41. exd5 Nd4 42. Be4 a6 43. Ra7 Bf5 44. Rxa6+ Kd7 45. Bxf5+ Nxf5 46. Ra7+ Kc8 47. a5 Rh3 48. Ra8+ Kb7 49. Re8 Rxg3+ 50. Kh2 Re3 51. d6 Nxd6 52. Rxe5 Rxe5 0-1

[Event "*** Titled Tuesday Blitz"]
[Site "Chess.com"]
[Date "2021.02.02"]
[Round "10"]
[White "northridgehawk"]
[Black "ErikRonka"]
[Result "1-0"]
[WhiteElo "2342"]
[BlackElo "2463"]
[TimeControl "180+1"]
[EndTime "11:56:59 PST"]
[Termination "northridgehawk won on time"]

1. e4 c6 2. d4 d5 3. e5 c5 4. dxc5 e6 5. a3 Nc6 6. Nf3 Bxc5 7. b4 Bb6 8. Bb2 Nge7 9. Bd3 Ng6 10. O-O Nf4 11. Nbd2 O-O 12. Rc1 Bd7 13. Re1 Nxd3 14. cxd3 Ne7 15. Nd4 Ng6 16. Qg4 Qe7 17.
g3 Rfc8 18. h4 Rxc1 19. Rxc1 Nxe5 20. Qe2 Nc6 21. Nxc6 Bxc6 22. Qg4 f6 23. Re1 e5 24. Nf3 Bd7 25. Qh5 g6 26. Qh6 Rc8 27. Nxe5 fxe5 28. Rxe5 Qf7 29. Re2 Bg4 30. Rd2 Rf8 31. Be5 Bxf2+ 32.
Kh2 Bb6 33. Qg5 Bf5 34. h5 Bc7 35. Bd4 Bd8 36. Qh6 gxh5 37. Rf2 Qg6 38. Qf4 Bg5 39. Qe5 Bf6 40. Qxd5+ Kg7 41. Bc5 Rf7 42. Rxf5 Qg4 43.
Rxh5 Qe2+ 44. Kh3 Qf1+ 45. Qg2 Qxd3 46. Rh4 Qg6 47. Rg4 Bg5 48. Qb2+ Kg8 49. Kg2 Qh5 50. Qd4 1-0

[Event "*** Titled Tuesday Blitz"]
[Site "Chess.com"]
[Date "2021.02.02"]
[Round "10"]
[White "Gerryisplaying"]
[Black "Zq1"]
[Result "0-1"]
[WhiteElo "2329"]
[BlackElo "2522"]
[TimeControl "180+1"]
[EndTime "11:57:00 PST"]
[Termination "Zq1 won by resignation"]

1. d4 Nf6 2. Bg5 c5 3. d5 g6 4.
Nc3 Bg7 5. e4 d6 6. Bb5+ Nbd7 7.
a4 O-O 8. Nf3 a6 9. Be2 Rb8 10.
O-O b5 11. axb5 axb5 12. Bxb5 Nxe4 13. Bxd7 Nxg5 14. Bxc8 Nxf3+ 15. Qxf3 Qxc8 16. Ra2 Qf5 17. Qxf5 gxf5 18. g3 Bd4 19. Nd1 c4 20. Ra4 Rfc8 21. b3 cxb3 22. cxb3 Bc5 23. Ne3 Bxe3 24. fxe3 Rxb3 25.
Rxf5 Rxe3 26. Rg4+ Kf8 27. Rfg5 Ke8 28. Rg8+ Kd7 29.
Rxc8 Kxc8 30. Rg7 h5 31. Rxf7 Re5 32. Kg2 Kd7 33. Rh7 Rxd5 34. Kh3 Re5 35. Kh4 d5 36. Rxh5 Kd6 37. g4 Re4 38. Rh8 Kd7 39. Ra8 d4 40. Ra4 e5 41. Kg5 Re2 42. h4 d3 43. Ra5 Ke6 44. Ra6+ Kd5 45. Ra1 d2 46. Rd1 e4 47.
h5 e3 48. h6 Ke4 49. h7 Rh2 50. Kg6 Kd3 51. Kg7 e2 52. Rxd2+ Kxd2 53. g5 e1=Q 54. g6 Qe5+ 55. Kf7 Qh8 0-1

[Event "*** Titled Tuesday Blitz"]
[Site "Chess.com"]
[Date "2021.02.02"]
[Round "10"]
[White "SharapovEvgeny"]
[Black "scarabee43"]
[Result "1-0"]
[WhiteElo "2468"]
[BlackElo "2563"]
[TimeControl "180+1"]
[EndTime "11:57:01 PST"]
[Termination "SharapovEvgeny won by checkmate"]

1. c4 e6 2. Nc3 d5 3. cxd5 exd5 4. d4 Nf6 5. Nf3 Be7 6. Qc2 O-O 7. Bg5 c6 8. e3 Re8 9. Bd3 Nbd7 10. O-O Nf8 11. Rab1 a5 12. a3 g6 13. b4 Ne6 14.
Bh4 Ng7 15. Bxf6 Bxf6 16. b5 Bf5 17. bxc6 bxc6 18. Na4 Bxd3 19. Qxd3 Nf5 20. Rfc1 Rc8 21. Nc5 Nd6 22. Nb7 Qc7 23. Nxd6 Qxd6 24. Rb6 Be7 25. a4 Bd8 26. Rb7 Bc7 27. g3 Rb8 28. Rxb8 Rxb8 29. Ne5 Rb6 30. Qc3 Rb4 31. Qxc6 Qxc6 32. Nxc6 Rc4 33. Rxc4 dxc4 34. Kf1 Kf8 35. Ke2 Ke8 36. Ne5 c3 37. Kd3 Bd6 38. Kxc3 Bb4+ 39. Kc4 f6 40. Nd3 Bd2 41. Kd5 Kd7 42. e4 Bc3 43. f4 Bd2 44. e5 fxe5 45. fxe5 Ke7 46. Kc6 Be3 47. d5 Bg1 48. h3 Bh2 49. g4 Kd8 50. d6 Bg3 51.
e6 Bh4 52. Ne5 Bf6 53. Nf7+ Ke8 54. d7+ Kf8 55. d8=Q+ Bxd8 56. Nxd8 Ke7 57. Kd5 Kxd8 58. Kd6 Ke8 59. g5 Kd8 60. e7+ Ke8 61. Ke6 h5 62. gxh6 g5 63. h7 g4 64. h8=Q# 1-0

[Event "*** Titled Tuesday Blitz"]
[Site "Chess.com"]
[Date "2021.02.02"]
[Round "10"]
[White "jens1102"]
[Black "fabianvivasz"]
[Result "0-1"]
[WhiteElo "2410"]
[BlackElo "2325"]
[TimeControl "180+1"]
[EndTime "11:57:01 PST"]
[Termination "fabianvivasz won by resignation"]

1. Nf3 c5 2. g3 g6 3. Bg2 Bg7 4. O-O Nf6 5. c4 O-O 6. Nc3 d5 7. cxd5 Nxd5 8. e4 Nb4 9. Ne1 N8c6 10. a3 Nd3 11. Nd5 Nxe1 12. Rxe1 e6 13. Nc3 Nd4 14. d3 b6 15. Be3 Ba6 16. Rc1 Bxd3 17. Bg5 Qxg5 18.
f4 Qe7 19. Qxd3 Rad8 20. Rcd1 Qc7 21. e5 c4 22. Qe4 Nf5 23. Kh1 Rxd1 24. Rxd1 Rd8 25.
Rxd8+ Qxd8 26. Qxc4 Bf8 27. Qe4 Qd2 28. Qe2 Qc1+ 29.
Bf1 Ne3 30. Kg1 Bc5 31. Ne4 Bd4 32. Qd3 Nxf1+ 33. Qxd4 Nxg3+ 34. Kg2 Nxe4 35. Qxe4 Qc7 36. Qd4 Kg7 37. h4 Qc5 38. Qd8 Qd5+ 39. Qxd5 exd5 40.
Kf3 Kf8 41. f5 gxf5 42. Kf4 d4 43. b4 Ke7 44. b5 h5 45. a4 Ke6 46. Kf3 Kxe5 47.
Ke2 Kd5 48. Kd3 f4 49. a5 bxa5 50. Kd2 a4 51. Kd3 a3 52. b6 axb6 0-1

[Event "*** Titled Tuesday Blitz"]
[Site "Chess.com"]
[Date "2021.02.02"]
[Round "10"]
[White "motivated_bishop"]
[Black "jacky72"]
[Result "0-1"]
[WhiteElo "2428"]
[BlackElo "2686"]
[TimeControl "180+1"]
[EndTime "11:57:02 PST"]
[Termination "jacky72 won by resignation"]

1. d4 Nf6 2. c4 g6 3. Nc3 Bg7 4. e4 O-O 5. f3 d6 6. Be3 c5 7. dxc5 dxc5 8. Qxd8 Rxd8 9. Bxc5 Nc6 10. Nge2 Nd7 11.
Bf2 Nde5 12. Nf4 Nb4 13. Rd1 Rxd1+ 14. Kxd1 e6 15. a3 Nbc6 16. Kc2 b6 17. Be2 Ba6 18. b3 g5 19. Nh5 Bh8 20. Rd1 Kf8 21. h4 h6 22. Be3 f6 23. f4 Nf7 24. b4 Bb7 25. Rd7 Ncd8 26. c5 gxf4 27. Nxf4 Ke8 28. Rc7 f5 29.
Bb5+ Kf8 30. Ng6+ Kg7 31. Nxh8 Kxh8 32. c6 Bc8 33. Bf4 e5 34. Bd2 Be6 35. Re7 a6 36. Bd3 Nxc6 37. Rc7 Nd4+ 38. Kb2 Kg8 39. exf5 Bxf5 40.
Bxf5 Nxf5 41. Ne4 Rd8 42. Bc3 Nxh4 43. Nf6+ Kg7 44. Bxe5 Kg6 45. Bc3 Nxg2 46. Rc6 Rd6 47. Rxd6 Nxd6 48. Nd5 b5 49. Nc7 h5 50. Nxa6 h4 51. Kb3 Kf5 52. Be1 h3 53. Bg3 Ne4 54. Bh2 Ne3 55. Nc7 Nf1 56. Bg1 Ned2+ 57. Kc2 Nf3 58.
Kd1 Nxg1 59. Ke1 h2 0-1

[Event "*** Titled Tuesday Blitz"]
[Site "Chess.com"]
[Date "2021.02.02"]
[Round "10"]
[White "AlexTriapishko"]
[Black "remi04"]
[Result "1-0"]
[WhiteElo "2889"]
[BlackElo "2614"]
[TimeControl "180+1"]
[EndTime "11:57:03 PST"]
[Termination "AlexTriapishko won by resignation"]

1. d4 d5 2. c4 c6 3. Nf3 Nf6 4. Nc3 e6 5. Qd3 Nbd7 6. e4 dxe4 7. Nxe4 Nxe4 8. Qxe4 Nf6 9. Qe3 Bb4+ 10. Bd2 Qa5 11. Bd3 O-O 12. a3 Bxd2+ 13. Qxd2 Qc7 14. Qe3 b6 15.
Qe5 Qe7 16. O-O Bb7 17. Rfe1 Rad8 18. Rad1 h6 19. Nh4 Qd6 20. c5 Qxe5 21. dxe5 Nd7 22. cxb6 axb6 23. f4 Nc5 24. Bc2 Ba6 25. Nf3 Bd3 26.
Rd2 Bxc2 27. Rxc2 Nd3 28. Re4 c5 29. g3 Rd5 30. Kf1 Rfd8 31. Ke2 b5 32. b3 Ra8 33.
Rc3 Nb2 34. Rc2 Nd3 35. Re3 c4 36. bxc4 bxc4 37. Nd2 Rxa3 38. Nxc4 Rb3 39. Nd2 Ra3 40. Nc4 Rb3 41. Nd6 Rb2 42. Rxb2 Nxb2 43. Rb3 Na4 44.
Rb8+ Kh7 45. Nxf7 Nc3+ 46. Ke3 Nd1+ 47. Kf3 Kg6 48. Nd8 Rd3+ 49. Ke2 Rd7 50. Nxe6 Kf5 51. Nc5 Nc3+ 52. Kf3 Rd5 53. Rf8+ Kg6 54. e6 Rxc5 55. e7 1-0

[Event "*** Titled Tuesday Blitz"]
[Site "Chess.com"]
[Date "2021.02.02"]
[Round "10"]
[White "Lion-Al-Messi"]
[Black "KeithArkell"]
[Result "0-1"]
[WhiteElo "2542"]
[BlackElo "2458"]
[TimeControl "180+1"]
[EndTime "11:57:03 PST"]
[Termination "KeithArkell won by resignation"]

1. e4 c6 2. Nf3 d5 3. Nc3 Bg4 4. h3 Bxf3 5. Qxf3 dxe4 6. Nxe4 Nd7 7. Qe2 Ndf6 8. d3 e6 9. g4 Nxe4 10. dxe4 e5 11. Bg2 Ne7 12. O-O Ng6 13. Be3 Be7 14.
Rad1 Qa5 15. c3 O-O 16. b4 Qc7 17. Rd2 Rad8 18. Rfd1 a6 19. Rxd8 Rxd8 20. Rxd8+ Qxd8 21. Qd2 Qxd2 22. Bxd2 h6 23. Kf1 Bg5 24. Be1 Kf8 25. c4 b6 26. Bc3 Ke7 27. Bf3 Kd6 28. a3 c5 29. Bg2 Bc1 30. a4 Ba3 31. bxc5+ Bxc5 32. Ke1 a5 33. Bb2 Bb4+ 34. Kd1 Kc5 35. Bf1 f6 36. Kc2 Nf4 37. Kb3 Ne6 38. Bc1 Nd4+ 39. Kb2 Be1 40. f4 Kb4 41. g5 hxg5 42. fxe5 fxe5 43.
Bxg5 Bc3+ 44. Ka2 Ne6 45. Be7+ Kxa4 46. Be2 Nc5 47. h4 Bd2 48. h5 Kb4 49. Bd6 Bf4 50. Kb2 a4 51. Kc2 a3 52. Bc7 Nxe4 53. Bxb6 a2 54.
Kb2 Bc1+ 55. Kxa2 Nc3+ 56. Ka1 Nxe2 57. Bc7 Bf4 58. Kb2 Kxc4 59. Kc2 Kd4 60. Kd1 Ng3 61. Bb6+ Ke4 62. Ke1 Nxh5 63. Kf2 g5 64. Kg2 g4 65. Ba7 Ng3 66. Bf2 Nf5 67. Ba7 Be3 68. Bb8 Kf4 69. Bc7 Nh4+ 70. Kh2 g3+ 71. Kh3 g2 0-1

[Event "*** Titled Tuesday Blitz"]
[Site "Chess.com"]
[Date "2021.02.02"]
[Round "10"]
[White "Milchone1"]
[Black "davigator"]
[Result "1-0"]
[WhiteElo "2522"]
[BlackElo "2344"]
[TimeControl "180+1"]
[EndTime "11:57:04 PST"]
[Termination "Milchone1 won on time"]

1. Nf3 d5 2. c4 c6 3. cxd5 cxd5 4. d4 Nc6 5. Nc3 g6 6. Bf4 Bg7 7. e3 a6 8. Rc1 Nf6 9. Bd3 O-O 10. h3 Be6 11.
O-O Rc8 12. Na4 Na5 13. Nc5 Qb6 14. b3 Nd7 15. Nxe6 Qxe6 16. Qd2 Nc6 17. Rc2 Nf6 18.
Rfc1 Ne4 19. Qe1 f6 20. Bh2 Kh8 21. a3 Qd7 22. Nd2 Nxd2 23. Qxd2 Rfd8 24. b4 e5 25.
dxe5 fxe5 26. Be2 d4 27. Bg4 Qd5 28. Bxc8 Rxc8 29. exd4 exd4 30. Rc5 Qd7 31. Qd3 Re8 32. Bg3 Bf8 33. R5c2 Bh6 34. Rd1 Bg7 35. Rc5 Bf8 36.
Rc2 Bg7 37. Re2 Rf8 38. Rde1 Bf6 39. Re6 Kg8 40. Rd6 Qf7 41. Rde6 Qd7 42. Bd6 Rf7 43. Re8+ Kg7 44. Bg3 Qd5 45. R1e6 h5 46. h4 Nd8 47. Rd6 Qa2 48. Rexd8 Qa1+ 49. Kh2 Bxd8 50. Rxd8 Re7 51. Qxd4+ Qxd4 52. Rxd4 Kf6 53. Rd6+ Kf5 54. Rb6 Rd7 55. b5 axb5 56. Rxb5+ Ke4 57. a4 Kd4 58. a5 Kc4 59.
Rg5 1-0

[Event "*** Titled Tuesday Blitz"]
[Site "Chess.com"]
[Date "2021.02.02"]
[Round "10"]
[White "Gmedmundo"]
[Black "Artyom_ChessMate"]
[Result "1-0"]
[WhiteElo "2429"]
[BlackElo "2554"]
[TimeControl "180+1"]
[EndTime "11:57:05 PST"]
[Termination "Gmedmundo won by resignation"]

1. e4 c5 2. Nf3 d6 3. d4 cxd4 4. Nxd4 Nf6 5. Nc3 g6 6. Be3 Bg7 7. f3 O-O 8. Qd2 Nc6 9. Bc4 Bd7 10. O-O-O Rc8 11. Bb3 Ne5 12. Kb1 Nc4 13. Bxc4 Rxc4 14. g4 b5 15. b3 Rc8 16. Ndxb5 Qa5 17. a4 a6 18. Nd5 Qxd2 19. Nxe7+ Kh8 20. Rxd2 Rce8 21.
Nxd6 Rxe7 22. Bc5 Re5 23. Ba3 Re6 24. h4 Kg8 25. h5 Rb8 26. hxg6 hxg6 27. Ka2 Bc6 28.
Bb2 Rd8 29. Rhd1 Nd7 30. Bxg7 Kxg7 31. Nc4 Rh8 32. Rxd7 Bxd7 33. Rxd7 Rh3 34. Rd3 Rf6 35. Nd2 Rh2 36. Kb2 Rf2 37. c4 Rb6 38. Kc3 Rb8 39.
b4 Kf6 40. c5 Ke5 41. Kc4 Kf4 42. c6 Rh2 43. b5 axb5+ 44. axb5 Rh1 45. Kc5 Rc1+ 46.
Nc4 Rc8 47. b6 Rxc6+ 48. Kxc6 Rxc4+ 49. Kb5 Rc8 50. b7 Rb8 51. Kc6 f5 52. exf5 gxf5 1-0

[Event "*** Titled Tuesday Blitz"]
[Site "Chess.com"]
[Date "2021.02.02"]
[Round "10"]
[White "korbul"]
[Black "ural58"]
[Result "0-1"]
[WhiteElo "2597"]
[BlackElo "2493"]
[TimeControl "180+1"]
[EndTime "11:57:07 PST"]
[Termination "ural58 won by resignation"]

1. d4 d5 2. Bf4 e6 3. e3 Nf6 4.
Nd2 c5 5. c3 Qb6 6. Qb3 Bd7 7.
Ngf3 Nc6 8. Qxb6 axb6 9. Bc7 c4 10.
Bxb6 Bd6 11. e4 Ra6 12. Bc5 Bxc5 13. dxc5 dxe4 14. Ng5 e3 15. fxe3 Ra5 16. Nge4 Nxe4 17. Nxe4 Ke7 18. Bxc4 f5 19. b4 Ra3 20. Nd2 Rxc3 21. a3 Rxe3+ 22. Kf2 f4 23. Rhe1 Rxe1 24.
Rxe1 Ra8 25. Nb1 Kf6 26. Bb5 Nxb4 27. Bxd7 Nd3+ 28. Ke2 Nxe1 29. Kxe1 Ra5 30. c6 bxc6 31. Bxc6 Rc5 32. Be4 h5 33. Kd2 Ke5 34. Bf3 Kd4 35. a4 g6 36. Na3 Ra5 37. Bc6 e5 38. Bb5 e4 39. Nc2+ Kc5 40. Kc3 Ra8 41. Nd4 g5 42.
Ne6+ Kd6 43. Nxg5 Ke5 44. Nf7+ Ke6 45. Ng5+ Kf5 46. Nh3 Rg8 47. Bd7+ Ke5 48. g3 f3 49. Kd2 Kd4 50. Nf4 e3+ 51. Ke1 Rb8 52. Bb5 Rc8 53.
Ne6+ Ke5 54. Kd1 Kxe6 55. a5 Rc5 56. a6 Rxb5 57. a7 Ra5 58. a8=Q Rxa8 0-1

[Event "*** Titled Tuesday Blitz"]
[Site "Chess.com"]
[Date "2021.02.02"]
[Round "10"]
[White "Kobalia"]
[Black "Tsyhanchuk_Stanislav"]
[Result "0-1"]
[WhiteElo "2685"]
[BlackElo "2488"]
[TimeControl "180+1"]
[EndTime "11:57:08 PST"]
[Termination "Tsyhanchuk_Stanislav won on time"]

1. e4 c5 2. Nf3 Nc6 3. Bb5 d6 4.
O-O Bd7 5. Re1 Nf6 6. c3 a6 7. Bf1 Bg4 8. h3 Bxf3 9. Qxf3 g6 10. d3 Bg7 11. Be3 O-O 12. Nd2 Nd7 13. Qd1 b5 14. Nf3 b4 15. d4 Qa5 16. Qc2 Rab8 17. d5 Nce5 18. Nxe5 Nxe5 19. c4 Nd7 20. f4 Qb6 21. Qf2 b3 22. a3 e6 23. dxe6 fxe6 24. Rad1 Rbd8 25. g3 Nb8 26. h4 Nc6 27. h5 Nd4 28. Bh3 Rde8 29. Bd2 gxh5 30. Bc3 Kh8 31. Kh2 e5 32.
Bxd4 cxd4 33. Bf5 Qc5 34. Qf3 Rf6 35. Kg2 h4 36. Rh1 Rg8 37. Rxh4 h6 38. Qd3 Rxf5 39. exf5 Qc6+ 40. Qf3 e4 41. Qg4 e3+ 42. Qf3 Qxc4 43. Rdh1 Qc2+ 44. Kh3 Qxf5+ 45. g4 Qe6 46. Kg3 e2 47.
Kf2 Re8 48. Ke1 d3 49. g5 d2+ 50. Kxd2 e1=Q+ 0-1

[Event "*** Titled Tuesday Blitz"]
[Site "Chess.com"]
[Date "2021.02.02"]
[Round "10"]
[White "Hikaru"]
[Black "LyonBeast"]
[Result "1-0"]
[WhiteElo "3188"]
[BlackElo "3107"]
[TimeControl "180+1"]
[EndTime "11:57:09 PST"]
[Termination "Hikaru won by resignation"]

1. e4 c6 2. Nc3 d5 3. Nf3 Bg4 4. h3 Bxf3 5. Qxf3 e6 6. Qe2 Nf6 7. d3 Be7 8. g3 O-O 9. Bg2 a5 10.
O-O b5 11. e5 Nfd7 12. f4 b4 13. Nd1 c5 14. c4 Nb6 15. b3 Nc6 16. Be3 Qd7 17. a4 bxa3 18. Rxa3 Nb4 19. Nb2 a4 20. bxa4 Nxa4 21. cxd5 Nxd5 22. Bxd5 exd5 23. Rxa4 Rxa4 24. Nxa4 Qxa4 25. f5 Re8 26. Qf3 Qd7 27. d4 cxd4 28. Bxd4 Qa4 29. Bf2 Qe4 30. Qxe4 dxe4 31.
Re1 g6 32. g4 f6 33. e6 gxf5 34. gxf5 Rd8 35. Rxe4 Rd5 36. Rf4 Bd6 37. Rf3 Kf8 38. Kg2 Ke7 39. Be3 h5 40. Kf2 Bc7 41. Ke2 Bd6 42.
Bd2 Re5+ 43. Kd3 Rd5+ 44. Kc2 Rc5+ 45. Kb3 Rb5+ 46. Kc4 Rc5+ 47. Kd4 Rb5 48. Bc3 Rc5 49. Rf1 Rb5 50. Ke4 Be5 51. Bd2 Bd6 52. Bc3 Be5 53.
Rc1 Bxc3 54. Rxc3 Rb4+ 55. Kd5 Rb5+ 56. Rc5 Rb7 57. Ra5 Rc7 58. h4 Rb7 59. Kc6 Rb4 60.
Ra7+ Ke8 61. Rf7 Rxh4 62. Rxf6 Rf4 63. Kd6 Rf1 64. Rf7 h4 65. Ke5 1-0

[Event "*** Titled Tuesday Blitz"]
[Site "Chess.com"]
[Date "2021.02.02"]
[Round "10"]
[White "Arseniy_Nesterov"]
[Black "Sanan_Sjugirov"]
[Result "1/2-1/2"]
[WhiteElo "2843"]
[BlackElo "2914"]
[TimeControl "180+1"]
[EndTime "11:57:09 PST"]
[Termination "Game drawn by repetition"]

1. d4 Nf6 2. c4 e6 3. Nf3 d5 4. Nc3 Bb4 5. Qb3 a5 6. Bg5 O-O 7. e3 c5 8. a3 a4 9. Qc2 Bxc3+ 10. bxc3 Nbd7 11. cxd5 exd5 12. Bd3 h6 13. Bh4 b6 14.
O-O Ba6 15. Bxa6 Rxa6 16. dxc5 bxc5 17. c4 dxc4 18. Qxc4 Qb6 19. Bxf6 Nxf6 20. Rab1 Qa7 21. Rfc1 Rc6 22. h3 Rfc8 23. Rb5 Qa6 24. Ne5 R6c7 25.
Nd3 Nd7 26. Rb2 Qf6 27. Rbc2 Nb6 28. Qa6 c4 29. Nb2 Rc6 30. Qb5 Rc5 31. Qb4 c3 32.
Nd3 Rc4 33. Qb5 R4c6 34. Nf4 Rc5 35. Qb4 Rc4 36. Qb5 R4c5 37. Qb4 g5 38. Ne2 Nd5 39. Qxa4 Qb6 40. Qd4 Qb3 41. e4 Nf4 42. Nxf4 gxf4 43. e5 Rc4 44. Qd5 Qb6 45. Qf3 Qc5 46. Qg4+ Kf8 47.
e6 Qg5 48. Qxg5 hxg5 49. exf7 Kxf7 50. Kf1 Ke6 51. Ke2 Kd5 52. Kd3 Rd4+ 53. Ke2 Rdc4 54. Kd3 Rd4+ 55. Ke2 Rdc4 1/2-1/2

[Event "*** Titled Tuesday Blitz"]
[Site "Chess.com"]
[Date "2021.02.02"]
[Round "10"]
[White "picturesquecheck"]
[Black "Etud-otradnoe"]
[Result "0-1"]
[WhiteElo "2217"]
[BlackElo "2367"]
[TimeControl "180+1"]
[EndTime "11:57:09 PST"]
[Termination "Etud-otradnoe won on time"]

1. e4 e6 2. d4 d5 3. Nd2 Nf6 4. e5 Nfd7 5. Bd3 c5 6. c3 b6 7. Nh3 Ba6 8. Bxa6 Nxa6 9. O-O Nc7 10.
Qg4 c4 11. f4 g6 12. Ng5 h6 13.
Ngf3 b5 14. h4 h5 15. Qg3 Nb6 16. Ng5 Qd7 17. b3 O-O-O 18. a4 cxb3 19. axb5 Nxb5 20. Nxb3 Nc4 21. Bd2 Ba3 22. Rfb1 a6 23. Be1 Qa7 24. Kh1 Rd7 25. Nf3 Rc7 26. Nfd2 Kd7 27. Nxc4 Rxc4 28. Na5 Rc7 29. Rxb5 axb5 30. Rxa3 Ra8 31.
c4 bxc4 32. Qg5 Qb6 33. Qf6 Qb1 34. Qxf7+ Kc8 35. Qxe6+ Kb8 36. Qe8+ Rc8 37. Qe7 Qxe1+ 38. Kh2 Rxa5 39. Qd6+ Rc7 40. Qd8+ Kb7 41. Rxa5 Qxa5 42. e6 Qb5 43. e7 Rc8 44. Qd6 Qc6 0-1